 Dungeon Crawl Stone Soup version 0.21-a0-228-g14ccbf3 (webtiles) character file.

116 4thArraOfDagon the Skirmisher (level 4, 0/35 HPs)
             Began as a Mummy Warper on Aug 31, 2017.
             Slain by a hound (4 damage)
             ... on level 4 of the Dungeon.
             The game lasted 00:04:29 (2094 turns).

4thArraOfDagon the Skirmisher (Mummy Warper)        Turns: 2094, Time: 00:04:30

Health: 0/35       AC:  5    Str: 14    XL:     4   Next: 70%
Magic:  8/8        EV: 11    Int: 13    God:
Gold:   28         SH:  0    Dex: 11    Spells: 8/8 levels left

rFire    x . .     SeeInvis .   a - +0 falchion
rCold    + . .     Gourm    .   (no shield)
rNeg     + + +     Faith    .   i - +0 ring mail
rPois    ∞         Spirit   .   (no helmet)
rElec    .         Reflect  .   (no cloak)
rCorr    .         Harm     .   (no gloves)
MR       .....                  (no boots)
Stlth    +.........             (no amulet)
HPRegen  0.11/turn              (no ring)
MPRegen  0.11/turn              (no ring)

@: no status effects
A: no food or potions, fire vulnerability, cold resistance 1, negative energy
resistance 3, torment resistance, unbreathing
a: no special abilities


You were on level 4 of the Dungeon.
You were not hungry.

You visited 1 branch of the dungeon, and saw 4 of its levels.

You collected 28 gold pieces.

Inventory:

Hand Weapons
 a - a +0 falchion (weapon)
 e - a +3 short sword
Missiles
 h - 4 curare-tipped needles
Armour
 b - a +0 leather armour
 i - a +0 ring mail (worn)
Scrolls
 d - a scroll of blinking
 f - a scroll of remove curse {unknown}
 g - a scroll of identify
 j - a scroll of immolation {unknown}
 k - a scroll of enchant weapon
Books
 c - a book of Spatial Translocations

   Spells                             Type                      Level
   a - Blink                          Translocation                2
   b - Shroud of Golubria             Charms/Translocation         2
   c - Lesser Beckoning               Translocation                3
   d - Gell's Gravitas                Translocation                3
   e - Teleport Other                 Translocation                3
   f - Passage of Golubria            Translocation                4


   Skills:
 + Level 3.0 Fighting
 * Level 2.9 Long Blades
 - Level 0.7 Throwing
 + Level 1.7 Armour
 - Level 2.0 Dodging
 - Level 2.6 Spellcasting
   Level 2.4 Translocations


You had 8 spell levels left.
You didn't know any spells.

Dungeon Overview and Level Annotations

Branches:
Dungeon (4/15)
 Temple: D:4-7

Altars:

Annotations:
D:2 1 runed door


Innate Abilities, Weirdness & Mutations

You do not eat or drink.
Your flesh is vulnerable to fire.
You are immune to poison.
Your flesh is cold resistant. (rC+)
You are immune to negative energy. (rN+++)
You are immune to unholy pain and torment.
You can survive without breathing.


Message History

The hound bites you but does no damage. The hound bites you.
You hit the hound but do no damage. The hound bites you.
The hound bites you but does no damage.
You closely miss the hound. The hound misses you.
You barely miss the hound. The hound barely misses you. The hound bites you.
You closely miss the hound. The hound barely misses you. The hound bites you.
You barely miss the hound. The hound bites you.
* * * LOW HITPOINT WARNING * * *
The hound bites you.
* * * LOW HITPOINT WARNING * * *
You hit the hound.
The hound is moderately wounded.
The hound closely misses you.
You riposte.
You hit the hound.
The hound is heavily wounded.
The hound bites you.
* * * LOW HITPOINT WARNING * * *
You hit the hound.
The hound is severely wounded.
The hound bites you.
You die...

#.# #†# #####.# #.....#
#).w..# #.....##
#.....##.##########
#####.....##.#.........
#.w.......##...@h#
#.############.#.# #.#
#.#.# #.# #.#..
#.####### #.####
##.#.....# #<#
.#.#.###.# ### ...#.#
#.# .###<# #.#


You could see a hound.

Vanquished Creatures
  A hound (D:4)
  A worker ant (D:4)
  2 adders
  A dart slug (D:3)
  3 leopard geckos (D:2)
  6 orcs (D:3)
  3 goblins (D:2)
  7 hobgoblins
  2 kobolds
  A quokka (D:3)
  3 bats
  A frilled lizard (D:3)
  3 rats
34 creatures vanquished.

Vanquished Creatures (others)
  A kobold (D:1)
1 creature vanquished.

Grand Total: 35 creatures vanquished

Notes
Turn   | Place    | Note
-------+----------+-------------------------------------------
     0 | D:1      | 4thArraOfDagon the Mummy Warper began the quest for the Orb.
     0 | D:1      | Reached XP level 1. HP: 16/16 MP: 4/4
   187 | D:2      | Reached skill level 1 in Armour
   187 | D:2      | Reached XP level 2. HP: 7/22 MP: 5/5
   280 | D:2      | HP: 1/22 [leopard gecko (2)]
   796 | D:2      | Found a runed door.
   900 | D:2      | Reached XP level 3. HP: 5/28 MP: 7/7
  1591 | D:4      | Reached XP level 4. HP: 7/34 MP: 8/8
  1986 | D:3      | Reached skill level 3 in Fighting
  2094 | D:4      | Slain by a hound

Vault maps used:
D:1:      tarquinn_simple_flora_water_f, lemuel_flame_loot_1
D:2:      uniq_crazy_yiuf_cottage
D:4:      marbit_many_paths, serial_shops, nicolae_shop_waterfront,
          roderic_serpentine_path, minivault_1, grunt_dithmenos_shadows

Skill      XL: |  1  2  3  4 |
---------------+-------------+-----
Armour         | 1 |  1.7
Long Blades    | 2 |  2.9
Dodging        | 2 |  2.0
Fighting       | 3 |  3.0
Throwing       | |  0.7
Spellcasting   | |  2.6
Translocations | |  2.4

Action                   |  1- 3 |  4- 6 || total
-------------------------+-------+-------++-------
Melee: Falchion          |   120 |    40 ||   160
Throw: Tomahawk          |     5 |       ||     5
  Use: Scroll            |     2 |       ||     2
Armor: Ring mail         |    52 |    19 ||    71
       Leather armour    |     2 |       ||     2
Dodge: Dodged            |    93 |    24 ||   117
       Rpst.: Falchion   |    34 |     5 ||    39

Table legend:
 A = Spawn XP
 B = Non-spawn XP
 C = Spawn XP percentage of total XP
 D = Spawn monster count
 E = Non-spawn monster count
 F = Spawn count percentage of total count
 G = Total turns spent on level
                    A         B        C        D         E        F      G
               +---------+---------+-------+---------+---------+-------+---------
         Total |       2 |     165 |   1.2 |       1 |      33 |   2.9 |  2094
               +---------+---------+-------+---------+---------+-------+---------
           D:1 |       0 |       3 |   0.0 |       0 |       2 |   0.0 |   418
           D:2 |       2 |      36 |   5.3 |       1 |      12 |   7.7 |   815
           D:3 |       0 |      50 |   0.0 |       0 |      17 |   0.0 |   513
           D:4 |       0 |      76 |   0.0 |       0 |       2 |   0.0 |   348
               +---------+---------+-------+---------+---------+-------+---------
